[Event "Late-Titled-Tuesday-Blitz-April-23-2024"]
[Site "Chess.com"]
[Date "2024.04.23"]
[Round "2"]
[White "dasatcu90"]
[Black "Manukyan_Artak"]
[Result "0-1"]
[WhiteElo "2197"]
[BlackElo "2489"]
[TimeControl "180+1"]
[EndTime "14:20:14 PDT"]
[Termination "Manukyan_Artak won by resignation"]

1. d4 d5 2. Nf3 Nf6 3. e3 Bg4 4. c4 e6 5. Qb3 Bxf3 6. Qxb7 Nbd7 7.
gxf3 Rb8 8. Qxa7 Bb4+ 9. Nc3 O-O 10. Qa4 c5 11. a3 cxd4 12. exd4 Bxc3+ 13. bxc3 dxc4 14. Qxc4 Nd5 15. Qd3 Rb3 16. Bd2 Qe7 17. Be2 Rxa3 18.
Rxa3 Qxa3 19. O-O Qd6 20. c4 Nf4 21. Bxf4 Qxf4 22. Qe3 Qh4 23. c5 Nf6 24. Kh1 Nd5 25. Qe4 Qf6 26. Bc4 Nf4 27. c6 Rc8 28. Ba6 Rc7 29. Bb7 g5 30. Qe5 Qxe5 31. dxe5 Nd3 32.
Rd1 Nxe5 33. Rd6 Kf8 34. Kg2 Ke7 35. Rd2 Nxc6 36. Rc2 Rxb7 37. Rxc6 Rb4 38. Rc7+ Kf6 39. Rc8 h5 40. Rh8 h4 41. h3 Kg7 42. Ra8 Rb7 43. Ra6 Kf6 44. Rc6 Rd7 45. Rb6 Rd5 46. Ra6 Rb5 47. Rc6 Re5 48. Rb6 Re1 49. Ra6 Kf5 50. Ra5+ e5 51. Rb5 f6 52. Ra5 Rc1 53.
Rb5 Rc6 54. Ra5 Ke6 55. Rb5 Kd6 56. Ra5 Rb6 57. Ra8 Kd5 58. Rf8 Kd4 59. Rd8+ Kc3 60.
Rd7 Rc6 61. Rd8 Kc4 62. Rd7 Kc5 63. Rd8 Rd6 64. Rf8 Kd4 65. Rf7 Kd3 66. Rf8 Kd2 67.
Ra8 Ke1 68. Ra1+ Rd1 69. Ra2 Rd2 70. Ra1+ Ke2 71. Rb1 Kd3 72. Ra1 f5 73. Ra5 e4 74.
Rxf5 e3 75. Rd5+ Kc3 76. Rxg5 Rxf2+ 77. Kg1 Rxf3 78. Rg4 Rg3+ 79. Kf1 Rxg4 80. hxg4 h3 81.
g5 h2 82. Kg2 e2 83. g6 e1=Q 84. g7 Qe4+ 85. Kxh2 Qg6 0-1

[Event "Late-Titled-Tuesday-Blitz-April-23-2024"]
[Site "Chess.com"]
[Date "2024.04.23"]
[Round "2"]
[White "MarkoPe"]
[Black "CaspiIsrael"]
[Result "0-1"]
[WhiteElo "2396"]
[BlackElo "2700"]
[TimeControl "180+1"]
[EndTime "14:20:18 PDT"]
[Termination "CaspiIsrael won on time"]

1. d4 e6 2. g3 c5 3. Bg2 cxd4 4.
Nf3 Bb4+ 5. Bd2 Bc5 6. b4 Bb6 7. Bf4 f6 8. Bd6 e5 9. c3 dxc3 10. Nxc3 Ne7 11. Nb5 O-O 12. Rc1 Nbc6 13. O-O a6 14.
Nc3 Bc7 15. b5 axb5 16. Nxb5 Bxd6 17. Nxd6 Kh8 18. Qb3 Qa5 19. Nf7+ Rxf7 20. Qxf7 Qxa2 21. Qf8+ Qg8 22. Qxg8+ Kxg8 23. Nd2 d5 24. Rfd1 Be6 25. Nb3 b6 26. Rb1 Kf7 27. Nd2 Rb8 28. Rdc1 Ke8 29. e3 Kd7 30. Bf1 Kd6 31. Bb5 h5 32. Rd1 Bg4 33. f3 Be6 34. Rbc1 f5 35. Nc4+ Kc5 36. Nxe5+ Kxb5 37. Nxc6 Nxc6 38. Rd2 Rc8 39. Rb2+ Ka6 40.
Rcb1 Rb8 41. Ra1+ Kb7 42. Rc1 Kc8 43. Rxc6+ Kd7 44. Rcxb6 Ra8 45. Rb7+ Kd6 46. Rxg7 Ke5 47. Rh7 Ra3 48. Kf2 d4 49. exd4+ Kxd4 50. Rxh5 Ke5 51. Rh6 Bd5 52. Rhb6 Rxf3+ 53. Ke1 Ra3 54. Re2+ Be4 55. Kf2 Rf3+ 56. Ke1 Ra3 57. Rb5+ Kf6 58. Rb6+ Kg5 59. Rb4 Ra1+ 60. Kf2 Rh1 61. Ke3 Bc6 62. Kd4 Rd1+ 63. Ke5 Rd5+ 64. Ke6 Rd1 65. Rf4 Bd7+ 66. Ke5 Bc8 67.
Ref2 Re1+ 68. Kd6 Kg6 69. Kd5 Bb7+ 70. Kd4 Bc8 71. Kd3 Rd1+ 72. Ke2 Ra1 73. Ke3 Ra3+ 74. Kd4 Ra5 75. h4 Kh5 76. R4f3 Kg4 77. Rf4+ Kxg3 78. h5 Ra4+ 79. Ke5 Ra6 80. Rf1 Re6+ 81. Kd5 Rh6 82. Rxf5 Bxf5 83. Rxf5 Kg4 0-1

[Event "Late-Titled-Tuesday-Blitz-April-23-2024"]
[Site "Chess.com"]
[Date "2024.04.23"]
[Round "2"]
[White "OPQRC"]
[Black "Nimrod_Veinberg"]
[Result "0-1"]
[WhiteElo "2573"]
[BlackElo "2820"]
[TimeControl "180+1"]
[EndTime "14:20:23 PDT"]
[Termination "Nimrod_Veinberg won by resignation"]

1. e4 c5 2. Nf3 e6 3. b3 a6 4. Bb2 Nc6 5. d3 Nf6 6. g3 d5 7. Nbd2 b5 8. Bg2 Bb7 9. O-O Be7 10. e5 Nd7 11. Re1 Qb6 12. h4 h6 13. a3 O-O-O 14. Qe2 Kb8 15. Rab1 g5 16. h5 Rhf8 17. c4 d4 18.
cxb5 axb5 19. a4 Nb4 20. axb5 Qxb5 21. Nc4 Nb6 22. Ba3 N6d5 23. Bxb4 Qxb4 24. Qd2 Qxd2 25. Nfxd2 Nb4 26. Bf1 Kc7 27. Ne4 Ra8 28. Ncd6 Bxe4 29. Nxe4 Ra2 30. Rbc1 Kb6 31. Rc4 Rfa8 32. Rec1 R8a5 33.
Nd6 Ra8 34. Rxc5 Bxd6 35. exd6 Rd8 36. R5c4 Nd5 37. Rxd4 Rxd6 38. Bg2 Rb2 39. Rc8 Rc6 40. Rxc6+ Kxc6 41. b4 Kd6 42. Rc4 Nxb4 43. Rc8 Ke7 44. Rh8 Nxd3 45. Rxh6 Nxf2 46. Rh8 Ng4 47. h6 Rb1+ 48. Bf1 Kf6 49. h7 Kg7 50. Rf8 Kxh7 51.
Rxf7+ Kg6 52. Rf3 Ne5 53. Re3 Kf6 54. Kg2 Rb2+ 55. Be2 Rb4 56. Bf3 Nxf3 57. Rxf3+ Kg6 58. Re3 Kf5 59. Rf3+ Ke5 60. Re3+ Re4 61. Ra3 Re2+ 62. Kh3 Rb2 63. Kg4 Kf6 64. Rf3+ Kg6 65. Re3 Rb4+ 66. Kh3 Kf5 67. Rf3+ Ke4 68. Rf8 Kd5 69. Rg8 e5 70.
Rxg5 Kd4 71. Rg8 e4 72. g4 e3 73. Re8 Kd3 74. g5 Re4 75. Rd8+ Kc2 76. Rc8+ Kd2 77. Ra8 e2 78. Ra2+ Kd3 79. Ra1 e1=Q 80. Rxe1 Rxe1 81.
Kg4 Ke4 82. g6 Rg1+ 83. Kh5 Kf5 0-1

[Event "Late-Titled-Tuesday-Blitz-April-23-2024"]
[Site "Chess.com"]
[Date "2024.04.23"]
[Round "2"]
[White "ATM622"]
[Black "IngOscarArdila"]
[Result "1-0"]
[WhiteElo "2512"]
[BlackElo "2262"]
[TimeControl "180+1"]
[EndTime "14:20:27 PDT"]
[Termination "ATM622 won by checkmate"]

1. d4 Nf6 2. c4 d6 3. g3 e6 4. Bg2 Be7 5. Nf3 O-O 6. O-O Nbd7 7.
Nc3 e5 8. Qc2 c6 9. Rd1 Qc7 10.
b3 Re8 11. Bb2 Nf8 12. Rac1 Bg4 13. dxe5 dxe5 14. Ng5 Bh5 15. Nge4 Nxe4 16. Nxe4 Bg6 17. Qc3 Nd7 18. b4 a5 19. a3 axb4 20. axb4 Rad8 21. c5 Nf8 22. Qxe5 Qxe5 23. Bxe5 Bxe4 24. Bxe4 Bg5 25.
Rxd8 Rxd8 26. f4 Be7 27. Bc3 g6 28. Kf2 f5 29. Bd3 Kf7 30. Bc4+ Ne6 31. Ra1 Bf6 32. Bxf6 Kxf6 33. Ra7 Rd7 34. Ke3 Nd4 35. Bd3 Ne6 36. Ra8 Nc7 37. Ra4 Nd5+ 38. Kd2 g5 39. e3 gxf4 40. exf4 h5 41. Kc2 h4 42. Be2 hxg3 43.
hxg3 Re7 44. Bf3 Ne3+ 45. Kc1 Nf1 46. g4 fxg4 47. Bxg4 Ne3 48. Bf3 Nf5 49. Ra7 Nd4 50. Bg4 Rg7 51. Bc8 Rg1+ 52. Kd2 Rg2+ 53. Kd3 Nc2 54. Rxb7 Ne1+ 55. Ke3 Nc2+ 56. Ke4 Re2+ 57. Kd3 Rf2 58. Kc3 Ne3 59. Bd7 Nd5+ 60. Kd4 Rd2+ 61.
Ke4 Nc3+ 62. Ke3 Rd1 63. Bxc6 Rg1 64. Bf3 Na2 65. c6 Re1+ 66. Kf2 Rc1 67. b5 Nc3 68. b6 Rc2+ 69. Kg3 Rc1 70. c7 Rg1+ 71. Kf2 Rc1 72. Rb8 Rc2+ 73. Kg3 Ne2+ 74. Bxe2 Rxe2 75. c8=Q Re3+ 76.
Kf2 Re7 77. Qf8+ Rf7 78. Qd6+ Kg7 79. Kg3 Kh7 80. Rd8 Rg7+ 81. Kh4 Rg1 82. Rd7+ Rg7 83.
Rxg7+ Kxg7 84. Kg5 Kh7 85. Kf5 Kg7 86. Qf6+ Kh7 87.
Qg5 Kh8 88. Kf6 Kh7 89. Qg7# 1-0

[Event "Late-Titled-Tuesday-Blitz-April-23-2024"]
[Site "Chess.com"]
[Date "2024.04.23"]
[Round "2"]
[White "Casper"]
[Black "miraitrunks"]
[Result "1/2-1/2"]
[WhiteElo "2478"]
[BlackElo "2193"]
[TimeControl "180+1"]
[EndTime "14:20:29 PDT"]
[Termination "Game drawn by repetition"]

1. d4 d5 2. Bg5 Bf5 3. Nc3 h6 4. Bh4 g5 5. Bg3 c6 6. Nf3 Bg7 7. e3 Nd7 8. Bd3 Bxd3 9. Qxd3 Ngf6 10. O-O-O Qa5 11. Kb1 O-O-O 12. h4 g4 13. Nd2 Rhe8 14. Nb3 Qb6 15. Na4 Qb5 16. Qxb5 cxb5 17. Nac5 b6 18. Na6 Ne4 19. Rd3 Nxg3 20. fxg3 Kb7 21. Nb4 Nf6 22. Rdd1 Ne4 23. Rhf1 f6 24. Rf4 Nxg3 25. Rxg4 Nf5 26. Re1 h5 27. Rf4 e6 28. e4 Bh6 29.
Rf3 Nxh4 30. Rxf6 Bg5 31. Rf7+ Re7 32. Rxe7+ Bxe7 33. exd5 Bxb4 34. Re4 Nxg2 35. dxe6 h4 36. d5 h3 37. Re5 h2 38. Rh5 Rxd5 39. Rxh2 Rd1+ 40.
Nc1 Bd2 41. a3 Bxc1 42. Rxg2 Re1 43. Rg7+ Ka6 44. Rg6 b4 45. axb4 Kb5 46. c3 Kc6 47. Kc2 Kd6 48. b5 Be3 49. Rg7 Kxe6 50. Rxa7 Kd5 51.
Kd3 Bc5 52. Rh7 Rd1+ 53. Kc2 Re1 54. Rh4 Re2+ 55. Kb3 Be3 56. Rc4 Bc1 57. Rc6 Rxb2+ 58. Ka4 Ra2+ 59. Kb3 Rb2+ 60. Ka4 Bd2 61. c4+ Kd4 62.
Rxb6 Kxc4 63. Rc6+ Kd4 64. b6 Rb4+ 65. Ka5 Rc4+ 66.
Kb5 Rb4+ 67. Ka6 Ra4+ 68. Kb7 Ba5 69. Rd6+ Kc5 70. Rh6 Rb4 71. Rh5+ Kd6 72. Rh6+ Kc5 73. Rh5+ Kd6 74. Rxa5 Kd7 75. Rh5 Ra4 76. Rh1 Rb4 77.
Rd1+ Ke6 78. Kc7 Rc4+ 79. Kd8 Rb4 80. Kc7 Rc4+ 81. Kb7 Rb4 82. Rd2 Ra4 83. Rd1 Rb4 1/2-1/2

[Event "Late-Titled-Tuesday-Blitz-April-23-2024"]
[Site "Chess.com"]
[Date "2024.04.23"]
[Round "2"]
[White "Sinquefield"]
[Black "teresin05"]
[Result "1/2-1/2"]
[WhiteElo "2518"]
[BlackElo "2323"]
[TimeControl "180+1"]
[EndTime "14:22:06 PDT"]
[Termination "Game drawn by agreement"]

1. Nf3 d5 2. d4 Nf6 3. c3 c5 4. dxc5 e6 5. b4 a5 6. a3 Nc6 7.
Bb2 axb4 8. cxb4 b6 9. cxb6 Qxb6 10. e3 Be7 11. Bd3 O-O 12. O-O Ba6 13. Bxa6 Rxa6 14.
Nc3 Rfa8 15. b5 R6a7 16. a4 Na5 17. Nd2 Nd7 18. Ne2 Nb7 19. e4 dxe4 20. Nxe4 Nbc5 21.
Qd4 e5 22. Qd5 Nxe4 23. Qxe4 Qe6 24. Nc3 Nc5 25. Qd5 f6 26. Qxe6+ Nxe6 27. b6 Ra6 28. Nd5 Bc5 29. a5 Rxa5 30. b7 Rxa1 31. Rxa1 Rd8 32.
Ra8 Bd6 33. Ba3 Bb8 34. g3 Kf7 35. Ne7 Nd4 36. Bc5 Ke6 37. Bxd4 Kxe7 38. Ba7 Bxa7 39. Rxa7 Rb8 40. Ra6 Kd7 41. Kg2 Kc7 42. Re6 Rxb7 43. Re7+ Kc6 44. Re8 Kd5 45. Kf3 Kd6 46. h4 Re7 47.
Rg8 Ke6 48. Ra8 Kf7 49. Ra6 Rb7 50. Ra8 Rb3+ 51. Kg2 Kg6 52. Ra7 Rd3 53. Ra5 Rd7 54.
Ra6 Re7 55. Ra5 Kf5 56. Ra4 g5 57. hxg5 fxg5 58. Ra6 Kg4 59. Ra4+ Kh5 60. Re4 h6 61. Ra4 Kg6 62. Ra6+ Kg7 63. Kf3 Rf7+ 64. Kg2 Rf6 65.
Ra5 Re6 66. Kf3 Kf6 67. Ke4 Rb6 68. Ra4 Ke6 69. Kf3 Kf5 70. Ra5 g4+ 71. Kg2 Re6 72. Ra4 Kg5 73. Ra8 Rf6 74. Rg8+ Kf5 75.
Re8 h5 76. Rh8 Kg5 77. Rg8+ Kf5 78. Rh8 Kg6 79. Rg8+ Kf7 80. Rh8 Rf5 81. Rh6 Kg7 82. Ra6 Rf6 83. Ra5 Re6 84. Rb5 Kf6 85. Ra5 Kg5 86.
Rb5 h4 87. gxh4+ Kxh4 88. Rb4 Kg5 89. Ra4 Kf5 90. Kg3 Rg6 91. Rb4 Rc6 92. Ra4 Rc3+ 93.
Kg2 e4 94. Ra8 Rc2 95. Rf8+ Ke5 96. Kg3 Kd4 97. Rd8+ Ke5 98. Rf8 Rc3+ 99. Kxg4 Rc2 100. Re8+ Kf6 101. Kh4 Kf7 102. Rxe4 Rxf2 103. Kg4 Rf6 104. Ra4 Rg6+ 105. Kf5 Rf6+ 106. Ke5 Re6+ 107. Kd5 Re7 108. Rf4+ Ke8 109. Kd6 Rd7+ 110. Kc6 Rd2 111. Rh4 Ke7 112. Rh7+ Kf6 113. Rh1 Kf5 114. Rf1+ Ke4 115. Kc5 Ke3 116. Rf8 Rd7 117. Re8+ Kf4 118. Kc6 Rd1 119. Rf8+ Ke5 120. Kc5 Rc1+ 121. Kb4 Kd6 122. Kb3 Kd5 123. Kb2 Rc7 124. Rf5+ Kd4 125. Rf1 Kd3 126. Rd1+ Ke2 127. Rd6 Ke3 128. Re6+ Kd3 129. Rh6 Kd2 130. Kb3 Kd3 131. Kb4 Kd4 132. Kb5 Kd5 133. Rh5+ Kd6 134. Rh1 Rc2 135. Rd1+ Ke5 136. Re1+ Kd5 137. Rd1+ Ke5 1/2-1/2

[Event "Late-Titled-Tuesday-Blitz-April-23-2024"]
[Site "Chess.com"]
[Date "2024.04.23"]
[Round "3"]
[White "SidArun"]
[Black "maurovargas01"]
[Result "1-0"]
[WhiteElo "2353"]
[BlackElo "1910"]
[TimeControl "180+1"]
[EndTime "14:24:36 PDT"]
[Termination "SidArun won by resignation"]

1. d4 d5 2. Nc3 Nf6 3. Bf4 Bf5 4. e3 Bg6 5. g4 e6 6. h4 h5 7. g5 Nc6 8. gxf6 Qxf6 9. Bd3 Qd8 10.
Bxg6 fxg6 11. Qd3 Kf7 12. Nf3 Be7 13. Bg5 Nb4 14. Qe2 Rf8 15. Ne5+ Kg8 16. Nxg6 Rf5 17. Nxe7+ 1-0

[Event "Late-Titled-Tuesday-Blitz-April-23-2024"]
[Site "Chess.com"]
[Date "2024.04.23"]
[Round "3"]
[White "DominguezOnYoutube"]
[Black "xasid81"]
[Result "1-0"]
[WhiteElo "2960"]
[BlackElo "2675"]
[TimeControl "180+1"]
[EndTime "14:24:37 PDT"]
[Termination "DominguezOnYoutube won by resignation"]

1. e4 d5 2. exd5 Qxd5 3. Nc3 Qd8 4. d4 Nf6 5. Nf3 g6 6. Bc4 Bg7 7. O-O O-O 8. Re1 a6 9. a4 b6 10. Bg5 Bb7 11. Qe2 Nc6 12. Rad1 Nb4 13. Ne5 e6 14. Nxf7 Rxf7 15. Qxe6 Bd5 16. Nxd5 Nbxd5 17. Bxf6 1-0

[Event "Late-Titled-Tuesday-Blitz-April-23-2024"]
[Site "Chess.com"]
[Date "2024.04.23"]
[Round "3"]
[White "Oleksandr_Bortnyk"]
[Black "GMAkobianSTL"]
[Result "1-0"]
[WhiteElo "3121"]
[BlackElo "2813"]
[TimeControl "180+1"]
[EndTime "14:24:58 PDT"]
[Termination "Oleksandr_Bortnyk won by resignation"]

1. e4 e6 2. Nf3 d5 3. e5 c5 4. d4 Nc6 5. Bd3 Qb6 6. O-O cxd4 7. Nbd2 Nge7 8. Nb3 Ng6 9. Re1 Be7 10. Nbxd4 Nxd4 11. Nxd4 O-O 12. c3 Qc7 13. Nf3 a5 14. h4 Rd8 15. h5 Nf8 16. h6 g6 17. Bg5 Bxg5 18. Nxg5 Bd7 19. Qf3 f5 20. exf6 Be8 21. f7+ Bxf7 22.
Qf6 Be8 23. Qxf8+ Kxf8 24. Nxe6+ 1-0

[Event "Late-Titled-Tuesday-Blitz-April-23-2024"]
[Site "Chess.com"]
[Date "2024.04.23"]
[Round "3"]
[White "Szachulec75"]
[Black "Boorchess"]
[Result "0-1"]
[WhiteElo "2085"]
[BlackElo "2543"]
[TimeControl "180+1"]
[EndTime "14:24:59 PDT"]
[Termination "Boorchess won by resignation"]

1. Nf3 c5 2. g3 g6 3. Bg2 Bg7 4.
d3 Nc6 5. O-O d6 6. e4 e5 7. Nc3 Nge7 8. Bg5 h6 9. Be3 O-O 10.
Qd2 Kh7 11. h3 Be6 12. Nh2 Qd7 13. h4 b6 14. a3 d5 15. exd5 Nxd5 16. Nxd5 Bxd5 17.
Bxd5 Qxd5 18. Ng4 f5 19. Nh2 Rad8 20. f4 e4 21. Rad1 exd3 22. cxd3 Rfe8 23. Bf2 Nd4 24. b4 Ne2+ 0-1

[Event "Late-Titled-Tuesday-Blitz-April-23-2024"]
[Site "Chess.com"]
[Date "2024.04.23"]
[Round "3"]
[White "Nf3c5"]
[Black "szachmistrz2500"]
[Result "1-0"]
[WhiteElo "2634"]
[BlackElo "2453"]
[TimeControl "180+1"]
[EndTime "14:25:12 PDT"]
[Termination "Nf3c5 won by resignation"]

1. e4 c5 2. Nc3 e6 3. d4 d5 4. exd5 exd5 5. dxc5 d4 6. Nb5 Bxc5 7. Bf4 Na6 8. Bc4 Nf6 9. Qe2+ Qe7 10. Bd6 Qxe2+ 11. Nxe2 Bf5 12. Bxc5 Nxc5 13. Nd6+ 1-0

[Event "Late-Titled-Tuesday-Blitz-April-23-2024"]
[Site "Chess.com"]
[Date "2024.04.23"]
[Round "3"]
[White "Alexei_Gubajdullin"]
[Black "Godzillator"]
[Result "1-0"]
[WhiteElo "2593"]
[BlackElo "2357"]
[TimeControl "180+1"]
[EndTime "14:25:31 PDT"]
[Termination "Alexei_Gubajdullin won by resignation"]

1. Nf3 b6 2. g3 Bb7 3. Bg2 Nf6 4. O-O e6 5. d3 d5 6. Nbd2 c5 7. Qe1 Be7 8. e4 dxe4 9. dxe4 O-O 10. e5 Nd5 11. c3 Qc8 12. Ne4 Nc6 13. Bg5 Bxg5 14. Nfxg5 h6 15. Nd6 Qc7 16. Nxb7 hxg5 17. Nd6 Rad8 18.
f4 gxf4 19. gxf4 g6 20. Qg3 Nce7 21. f5 Nxf5 22. Rxf5 exf5 23. Bxd5 Kg7 24. Nxf5+ 1-0

[Event "Late-Titled-Tuesday-Blitz-April-23-2024"]
[Site "Chess.com"]
[Date "2024.04.23"]
[Round "3"]
[White "B_nn_t"]
[Black "GMG"]
[Result "1/2-1/2"]
[WhiteElo "2561"]
[BlackElo "2772"]
[TimeControl "180+1"]
[EndTime "14:25:33 PDT"]
[Termination "Game drawn by repetition"]

1. e4 c5 2. Nf3 Nc6 3. d4 cxd4 4. Nxd4 Nf6 5. Nc3 e5 6. Ndb5 d6 7. Bg5 a6 8. Na3 b5 9. Nab1 Be7 10. Bxf6 Bxf6 11.
a4 b4 12. Nd5 Bg5 13. Bc4 O-O 14. O-O Kh8 15. c3 Rb8 16. Qd3 bxc3 17. Nbxc3 Rxb2 18.
Bxa6 Rd2 19. Qc4 Bd7 20. Bb5 Rd4 21. Qe2 Rd2 22. Qc4 Rd4 23. Qe2 Rd2 24. Qc4 1/2-1/2

[Event "Late-Titled-Tuesday-Blitz-April-23-2024"]
[Site "Chess.com"]
[Date "2024.04.23"]
[Round "3"]
[White "vi_pranav"]
[Black "Hongjin"]
[Result "1-0"]
[WhiteElo "3078"]
[BlackElo "2639"]
[TimeControl "180+1"]
[EndTime "14:25:36 PDT"]
[Termination "vi_pranav won by resignation"]

1. d4 d6 2. e4 Nf6 3. Nc3 Nc6 4.
Nf3 g6 5. Bb5 a6 6. Ba4 b5 7.
Bb3 Bg7 8. O-O O-O 9. h3 e5 10. dxe5 Nxe5 11. Nxe5 dxe5 12. Qf3 c6 13. Bg5 h6 14.
Bh4 Qe7 15. a4 b4 16. Nd1 a5 17. Ne3 Be6 18. Rfd1 Bxb3 19. cxb3 Qe6 20. Nc4 Rfd8 21.
Rxd8+ Rxd8 22. Nxa5 g5 23. Bg3 Nd7 24. Rd1 Rc8 25. Nc4 Nc5 26. Qe3 Nd7 27. Qa7 Nf8 28. a5 Ng6 29. a6 1-0

[Event "Late-Titled-Tuesday-Blitz-April-23-2024"]
[Site "Chess.com"]
[Date "2024.04.23"]
[Round "3"]
[White "samolo"]
[Black "Manukyan_Artak"]
[Result "1-0"]
[WhiteElo "2663"]
[BlackElo "2485"]
[TimeControl "180+1"]
[EndTime "14:25:43 PDT"]
[Termination "samolo won by resignation"]

1. b3 a5 2. Bb2 a4 3. b4 d5 4. a3 Nf6 5. Nf3 Bf5 6. d3 e6 7.
Nbd2 h6 8. h3 b5 9. g4 Bh7 10.
Bg2 Nbd7 11. c4 c6 12. Rc1 Bd6 13. Nd4 Qc8 14. cxb5 c5 15. bxc5 Nxc5 16. Bc3 Qb7 17. Bb4 Rc8 18. O-O O-O 19. Nc6 Qxb5 20. Na7 Qb6 21. Nxc8 Rxc8 22. d4 1-0

[Event "Late-Titled-Tuesday-Blitz-April-23-2024"]
[Site "Chess.com"]
[Date "2024.04.23"]
[Round "3"]
[White "ReadySkate"]
[Black "giomar27"]
[Result "1-0"]
[WhiteElo "2680"]
[BlackElo "2492"]
[TimeControl "180+1"]
[EndTime "14:25:45 PDT"]
[Termination "ReadySkate won by resignation"]

1. d4 c5 2. d5 e5 3. Nc3 d6 4. e4 Be7 5. Bb5+ Bd7 6. a4 a6 7.
Bxd7+ Nxd7 8. h3 Bg5 9. Nf3 Bxc1 10. Qxc1 Ngf6 11. O-O O-O 12. a5 Nh5 13. Ne2 g6 14. Nd2 f5 15. exf5 gxf5 16. f4 e4 17.
Nc4 Qf6 18. Qd2 Rf7 19. Qc3 Qg6 20. Kh2 Rg7 21. Rg1 Kf7 22. g4 Nhf6 23. Nxd6+ Ke7 24. Nxf5+ Kf8 25. Nxg7 Kxg7 26. Ng3 Kh8 27. Nh5 Qh6 28. Nxf6 Qxf4+ 29. Kh1 Nxf6 30. Raf1 Qh6 31. Rxf6 1-0

[Event "Late-Titled-Tuesday-Blitz-April-23-2024"]
[Site "Chess.com"]
[Date "2024.04.23"]
[Round "3"]
[White "GoltsevDmitry2000"]
[Black "ChristopherYoo"]
[Result "1/2-1/2"]
[WhiteElo "2760"]
[BlackElo "2988"]
[TimeControl "180+1"]
[EndTime "14:26:18 PDT"]
[Termination "Game drawn by repetition"]

1. e4 c5 2. Nf3 d6 3. d4 cxd4 4.
Nxd4 Nf6 5. Nc3 Nc6 6. Be2 e5 7. Nf5 Bxf5 8. exf5 d5 9. Bg5 Bb4 10. O-O Bxc3 11. bxc3 O-O 12. Bxf6 Qxf6 13. Qxd5 Qxf5 14. Bd3 Qf6 15. Rab1 b6 16. Rfd1 Rad8 17. Qe4 g6 18. Bb5 Na5 19. a4 Rxd1+ 20. Rxd1 Rd8 21. Rxd8+ Qxd8 22. Qxe5 Nb7 23. g3 Nc5 24. a5 Qd1+ 25. Kg2 Qxc2 26. Qe8+ Kg7 27. Qe5+ Kg8 28. Qe8+ Kg7 29.
Qe5+ Kh6 30. Qf4+ Kg7 31. Qe5+ 1/2-1/2

[Event "Late-Titled-Tuesday-Blitz-April-23-2024"]
[Site "Chess.com"]
[Date "2024.04.23"]
[Round "3"]
[White "DrVelja"]
[Black "Balla_Tamas"]
[Result "1-0"]
[WhiteElo "2975"]
[BlackElo "2533"]
[TimeControl "180+1"]
[EndTime "14:26:36 PDT"]
[Termination "DrVelja won by resignation"]

1. d4 d5 2. c4 e6 3. Nc3 c5 4. e3 Nc6 5. Nf3 Nf6 6. a3 a6 7. dxc5 Bxc5 8. b4 Ba7 9. Ra2 Qe7 10. Rd2 dxc4 11. Bxc4 b5 12. Bd3 O-O 13. Bb2 Bb7 14. Ne4 Nxe4 15. Bxe4 Rad8 16. Rxd8 Rxd8 17. Qc2 f5 18.
Bxc6 Rc8 19. Ne5 Bxc6 20. Nxc6 Qc7 21. Qc3 e5 22. Qxe5 Qxe5 23. Nxe5 Rc2 24. Nd3 f4 25. Kd1 1-0

[Event "Late-Titled-Tuesday-Blitz-April-23-2024"]
[Site "Chess.com"]
[Date "2024.04.23"]
[Round "3"]
[White "Oleg_Papayan"]
[Black "Arteler"]
[Result "1-0"]
[WhiteElo "2650"]
[BlackElo "2307"]
[TimeControl "180+1"]
[EndTime "14:26:43 PDT"]
[Termination "Oleg_Papayan won by resignation"]

1. e4 c5 2. d4 cxd4 3. Qxd4 Nc6 4. Qd3 Nf6 5. Nc3 g6 6. Nf3 Bg7 7. Be2 O-O 8. O-O a6 9. Nd5 b5 10. c3 e6 11. Nxf6+ Bxf6 12. Bf4 Bb7 13. Rad1 Bc8 14.
Bd6 Re8 15. e5 Bg7 16. Rfe1 Bf8 17. Nd4 Bxd6 18. Nxc6 dxc6 19. Qxd6 Qxd6 20. Rxd6 Rd8 21. Rxd8+ Kg7 22. Bf3 Bb7 23. Rxa8 Bxa8 24. Rd1 1-0

[Event "Late-Titled-Tuesday-Blitz-April-23-2024"]
[Site "Chess.com"]
[Date "2024.04.23"]
[Round "3"]
[White "expii"]
[Black "David_ATM"]
[Result "0-1"]
[WhiteElo "2183"]
[BlackElo "2458"]
[TimeControl "180+1"]
[EndTime "14:26:44 PDT"]
[Termination "David_ATM won by resignation"]

1. e4 e5 2. Nf3 Nc6 3. Bb5 a6 4. Ba4 Nf6 5. d4 d6 6. dxe5 Nxe4 7.
O-O Nc5 8. Bxc6+ bxc6 9. exd6 cxd6 10. Re1+ Be7 11. Bg5 Ra7 12. Qe2 Ne6 13. Be3 Rd7 14. Nc3 O-O 15. Nd4 Nxd4 16. Bxd4 Bf6 17. Bxf6 Qxf6 18.
Rad1 h6 19. Ne4 Qg6 20. Qc4 d5 0-1

[Event "Late-Titled-Tuesday-Blitz-April-23-2024"]
[Site "Chess.com"]
[Date "2024.04.23"]
[Round "3"]
[White "SipahiPower"]
[Black "cristiano78"]
[Result "1-0"]
[WhiteElo "2504"]
[BlackElo "2259"]
[TimeControl "180+1"]
[EndTime "14:26:44 PDT"]
[Termination "SipahiPower won by resignation"]

1. d4 Nf6 2. c4 g6 3. Nc3 Bg7 4.
e4 d6 5. Nf3 O-O 6. Be2 e5 7. O-O Nc6 8. d5 Ne7 9. Ne1 Nd7 10. Nd3 f5 11. Bd2 Nf6 12. f3 h5 13.
a4 a6 14. a5 Kh7 15. c5 Rf7 16. cxd6 cxd6 17. Qc2 Bd7 18. Rfc1 Rc8 19. Qb3 Rc7 20.
Be3 Qb8 21. Rc2 f4 22. Bb6 Rc8 23. Nf2 g5 24. h3 Ng6 25. Na4 Bf8 26. Rac1 Rxc2 27.
Rxc2 Rg7 28. Rc7 Qe8 29. Nc3 g4 30. fxg4 hxg4 31. hxg4 Nh4 32. Qd1 Qg6 33. Rxb7 Nxe4 34. Ncxe4 1-0

[Event "Late-Titled-Tuesday-Blitz-April-23-2024"]
[Site "Chess.com"]
[Date "2024.04.23"]
[Round "3"]
[White "DonJuanEGenaro"]
[Black "A4RookA3"]
[Result "0-1"]
[WhiteElo "2025"]
[BlackElo "2367"]
[TimeControl "180+1"]
[EndTime "14:26:45 PDT"]
[Termination "A4RookA3 won by resignation"]

1. e4 Nf6 2. Nc3 e6 3. d3 d5 4. Nf3 Bb4 5. e5 Nfd7 6. a3 Be7 7. Bf4 c5 8. d4 Nc6 9. dxc5 f6 10. exf6 Bxf6 11.
Bd6 Bxc3+ 12. bxc3 Qa5 13. Qd3 Nxc5 14. Qd4 Nxd4 0-1

[Event "Late-Titled-Tuesday-Blitz-April-23-2024"]
[Site "Chess.com"]
[Date "2024.04.23"]
[Round "3"]
[White "enriquebutti"]
[Black "gmcorrales"]
[Result "0-1"]
[WhiteElo "2172"]
[BlackElo "2851"]
[TimeControl "180+1"]
[EndTime "14:26:53 PDT"]
[Termination "gmcorrales won by resignation"]

1. d4 Nf6 2. Nf3 g6 3. c4 Bg7 4. Nc3 d5 5. cxd5 Nxd5 6. e4 Nxc3 7. bxc3 c5 8. Be2 cxd4 9. cxd4 O-O 10. Rb1 Qa5+ 11. Bd2 Qxa2 12. O-O Qe6 13. Qc2 Qc6 14. Bc4 e6 15. d5 exd5 16. exd5 Qc7 17. Bb4 Bf5 18. Qb3 Rc8 19. Bd3 Bxd3 20. Qxd3 Na6 21. d6 Qc4 22. Qxc4 Rxc4 23. Ba3 b6 24. Rbc1 Ra4 25.
d7 Nc5 26. Bxc5 bxc5 27. Rxc5 Rd8 28. Rc8 Bf6 29. Re1 Kg7 30. Rxd8 Bxd8 31. Re8 Ra1+ 32. Ne1 Rd1 33. Kf1 Rxd7 34. Ke2 a5 0-1

[Event "Late-Titled-Tuesday-Blitz-April-23-2024"]
[Site "Chess.com"]
[Date "2024.04.23"]
[Round "3"]
[White "th3d4rkness"]
[Black "JG-17"]
[Result "0-1"]
[WhiteElo "2142"]
[BlackElo "2545"]
[TimeControl "180+1"]
[EndTime "14:26:54 PDT"]
[Termination "JG-17 won by resignation"]

1. e4 c5 2. Nf3 d6 3. Bb5+ Bd7 4. Bxd7+ Qxd7 5. c4 Nf6 6. Nc3 Nc6 7. d4 cxd4 8. Nxd4 g6 9. O-O Bg7 10. Nc2 O-O 11. Nd5 Nxe4 12. Qe2 Nf6 13. Bg5 Qf5 14. Bxf6 Bxf6 15. Nce3 Nd4 16. Qd1 Qe6 17. Nxf6+ Qxf6 18. Nd5 Qh4 19. g3 Qe4 20. f3 Ne2+ 21. Kf2 Qxc4 22. Nxe7+ Kh8 23. Qxe2 Qxe2+ 24. Kxe2 Rfe8 0-1

[Event "Late-Titled-Tuesday-Blitz-April-23-2024"]
[Site "Chess.com"]
[Date "2024.04.23"]
[Round "3"]
[White "ilya2700"]
[Black "Stanbad1"]
[Result "0-1"]
[WhiteElo "2304"]
[BlackElo "2616"]
[TimeControl "180+1"]
[EndTime "14:26:58 PDT"]
[Termination "Stanbad1 won by checkmate"]

1. d4 Nf6 2. c4 c5 3. d5 b5 4.
cxb5 a6 5. b6 e6 6. Nc3 Nxd5 7.
Nxd5 exd5 8. Qxd5 Nc6 9. e4 Be7 10.
Nf3 O-O 11. Bc4 Rb8 12. O-O Rxb6 13. Qh5 d6 14. b3 Bf6 15. Ng5 Bxg5 16. Bxg5 Qe8 17.
Rad1 Ne5 18. Be2 f5 19. f4 Nf7 20. Bc4 Be6 21. exf5 Bxc4 22. bxc4 Qe4 23. f6 g6 24. Qh3 Rb2 25. Bh6 Nxh6 26. Qxh6 Qxg2# 0-1